 Dungeon Crawl Stone Soup version 0.17.0-22-g5edae84 (console) character file.

147 gw the Distorting Demonspawn (level 5, 0/41 HPs)
             Began as a Demonspawn Abyssal Knight on Nov 13, 2015.
             Was a Believer of Lugonu.
             Slain by an orc
             ... wielding a +0 short sword
              (2 damage)
             ... on level 3 of the Dungeon.
             The game lasted 00:03:45 (3153 turns).

gw the Distorting Demonspawn (DsAK)                 Turns: 3153, Time: 00:03:46

Health: 0/41       AC: 12    Str: 13    XL:     5   Next: 8%
Magic:  5/7        EV:  3    Int: 13    God:    Lugonu [**....]
Gold:   114        SH:  0    Dex: 13    Spells: 0 memorised, 4 levels left

rFire  . . .     SeeInvis .     a - +1 falchion
rCold  . . .     Clarity  .     g - +0 plate armour
rNeg   . . .     SustAt   .     (no shield)
rPois  .         Gourm    .     (helmet restricted)
rElec  .         Spirit   .     (no cloak)
rCorr  .         Warding  .     (no gloves)
rMut   .         Stasis   .     b - +0 pair of boots
MR     .....                    (no amulet)
Stlth  ..........               (no ring)
                                (no ring)

@: not resistant to hostile enchantments, extremely unstealthy
A: antennae 2, rot immunity
a: Depart the Abyss, Bend Space, Renounce Religion


You were on level 3 of the Dungeon.
You worshipped Lugonu.
Lugonu was pleased with you.
You were very hungry.

You visited 1 branch of the dungeon, and saw 3 of its levels.
You visited the Abyss 1 time.

You collected 114 gold pieces.

Inventory:

Hand Weapons
 a - a +1 falchion (weapon)
Missiles
 e - 75 stones (quivered)
 i - 13 poisoned needles
Armour
 b - a +0 pair of boots (worn)
 g - a +0 plate armour (worn)
Potions
 d - a potion of poison {unknown}
 f - a potion of might {unknown}
 h - 5 potions of flight
Comestibles
 c - 2 bread rations
 j - a meat ration


   Skills:
 + Level 3.5 Fighting
 * Level 3.2 Long Blades
 + Level 1.6 Throwing
 + Level 2.2 Armour
 - Level 0.8 Dodging
 + Level 3.6 Invocations


You had 4 spell levels left.
You didn't know any spells.

Dungeon Overview and Level Annotations

Branches:
Dungeon (3/15)

Altars:
Yredelemnul


Innate Abilities, Weirdness & Mutations

You have a pair of antennae on your head.
You are immune to rotting.


Message History

The antennae on your head grow some more.
The orc hits you but does no damage. x2
The gnoll hits you but does no damage.
MOVING TO (5,2)
You hit the gnoll.
The gnoll is moderately wounded.
The gnoll hits you but does no damage. The orc hits you but does no damage.
The orc hits you but does no damage. The gnoll hits you but does no damage.
The orc hits you but does no damage.
MOVING TO (4,2)
You hit the gnoll.
The gnoll is almost dead.
The gnoll hits you but does no damage. The gnoll barely misses you.
The orc hits you but does no damage. x2
MOVING TO (3,1)
You completely miss the gnoll.
The gnoll is moderately wounded.
The gnoll hits you with a flail. The gnoll hits you but does no damage.
The orc hits you but does no damage. The orc hits you with a short sword.
You die...

#..# #. #.# #..# #.#####
#.# #..# #...?.# #.#
#######..# #.....# #.#
#.....#..#####.....# #.#
#.....#..##........####.#
.........##.............#
#...$....##.....#########
###....o6g..........#
$......#og....#.....#
.......#)#.......<..#
.....[.#.#.##.#####.#
.......#.#.##....$..#
.........# #########
###.####.. #. +.. #...
###


You could see 2 gnolls and 2 orcs.

Table legend:
 A = Turns spent in this place as a percentage of turns spent in the entire game.
 B = Non-inter-level travel turns spent in this place as a percentage of non-inter-level travel turns spent in the entire game.
 C = Inter-level travel turns spent in this place as a percentage of turns spent in this place.
 D = Turns resting spent in this place as a percentage of non-inter-level travel turns spent in this place.
 E = Turns spent auto-exploring this place as a percentage of non-inter-level travel turns spent in this place.
 F = Non-inter-level travel turns spent in this place divided by the number of levels of this place that you've seen.
                   A       B       C       D       E      F
               +-------+-------+-------+-------+-------+----------------------
         Total | 100.0 | 100.0 |   0.3 |   1.1 |   2.1 | 1180.5
       Dungeon |  99.2 |  99.2 |   0.3 |   1.2 |   2.1 | 1560.7
         Abyss |   0.8 |   0.8 |   0.0 |   0.0 |   7.5 |  40.0
               +-------+-------+-------+-------+-------+----------------------

Table legend:
 A = Kills in this place as a percentage of kills in entire the game.
 B = Kills by you in this place as a percentage of kills by you in the entire game.
 C = Kills by friends in this place as a percentage of kills by friends in the entire game.
 D = Other kills in this place as a percentage of other kills in the entire game.
 E = Experience gained in this place as a percentage of experience gained in the entire game.
 F = Experience gained in this place divided by the number of levels of this place that you have seen.
                   A       B       C       D       E      F
               +-------+-------+-------+-------+-------+----------------------
         Total | 100.0 | 100.0 |  -nan |  -nan | 100.0 |  52.8
       Dungeon | 100.0 | 100.0 |  -nan |  -nan | 100.0 |  70.3
               +-------+-------+-------+-------+-------+----------------------

Vanquished Creatures
  Jessica (D:2)
  Terence (D:2)
  A gnoll (D:3)
  Robin (D:2)
  An ooze (D:1)
  A worm (D:2)
  2 giant geckos (D:1)
  An orc (D:3)
  A ball python (D:2)
  4 giant cockroaches
  11 goblins
  12 hobgoblins
  4 kobolds
  A quokka (D:2)
  10 bats
  3 giant newts
  9 rats
64 creatures vanquished.

Notes
Turn   | Place    | Note
--------------------------------------------------------------
     0 | Abyss:1  | gw the Demonspawn Abyssal Knight began the quest for the Orb.
     0 | Abyss:1  | Reached XP level 1. HP: 18/18 MP: 2/2
    35 | Abyss:1  | Noticed a smoke demon
    36 | D:1      | Escaped the Abyss
   400 | D:1      | Gained mutation: You are immune to rotting. [demonic ancestry]
   400 | D:1      | Reached XP level 2. HP: 17/24 MP: 3/3
   415 | D:1      | Reached * piety under Lugonu
   966 | D:1      | Reached XP level 3. HP: 25/29 MP: 5/5
  1635 | D:2      | Reached skill level 1 in Throwing
  1834 | D:2      | Reached ** piety under Lugonu
  2077 | D:2      | Noticed Robin
  2095 | D:2      | Killed Robin
  2095 | D:2      | Gained mutation: You have a pair of small antennae on your head. [demonic ancestry]
  2095 | D:2      | Reached XP level 4. HP: 31/35 MP: 6/6
  2236 | D:2      | Found a basalt altar of Yredelemnul.
  2264 | D:2      | Noticed Terence
  2291 | D:2      | Killed Terence
  2600 | D:2      | Noticed Jessica
  2608 | D:2      | Killed Jessica
  3150 | D:3      | Gained mutation: You have a pair of antennae on your head. [demonic ancestry]
  3150 | D:3      | Reached XP level 5. HP: 3/41 MP: 5/7
  3153 | D:3      | HP: 2/41 [gnoll/flail (1)]
  3153 | D:3      | Slain by an orc

Action                   |  1- 3 |  4- 6 || total
-------------------------+-------+-------++-------
Melee: Falchion          |   173 |    83 ||   256
Throw: Stone             |   110 |    36 ||   146
Invok: Depart the Abyss  |     1 |       ||     1
       Bend Space        |       |     2 ||     2
  Use: Scroll            |     3 |     1 ||     4
       Potion            |     2 |     1 ||     3
  Eat: Chunk             |     4 |     3 ||     7

Vault maps used:
D:1:      dpeg_arrival_castle
D:2:      overflow_temple_1_default, kennysheep_jessica_study, uniq_terence,
          uniq_robin
D:3:      minmay_misc_feat_square
Abyss:1:  abyss_exit_lava
